 Dungeon Crawl Stone Soup version 0.29-a0-330-g52719c12eb (webtiles) character file.

Game seed: 2270883845800342077

1367 dohliylev the Ruffian (level 8, -2/75 HPs)
             Began as a Troll Warper on May 11, 2022.
             Was a Believer of Okawaru.
             Slain by a gnoll shaman
             ... wielding a +0 club
              (9 damage)
             ... on level 6 of the Dungeon.
             The game lasted 00:12:05 (4056 turns).

dohliylev the Ruffian (Troll Warper)                Turns: 4056, Time: 00:12:05

Health: -2/75      AC:  4    Str: 22    XL:     8   Next: 38%
Magic:  10/10      EV: 11    Int:  9    God:    Okawaru [**....]
Gold:   248        SH:  0    Dex: 15    Spells: 9/11 levels left

rFire   . . .      SeeInvis .     - Unarmed
rCold   . . .      Faith    .   (no shield)
rNeg    . . .      Spirit   .   a - +0 robe
rPois   .          Reflect  .   (helmet restricted)
rElec   .          Harm     .   (no cloak)
rCorr   .          Rampage  .   (gloves unavailable)
Will    .....                   (boots unavailable)
Stlth   +.........              (no amulet)
HPRegen 1.02/turn               n - +6 ring of dexterity
MPRegen 0.12/turn               (no ring)

@: no status effects
A: large, unfitting armour, claws 3, regeneration 1, shaggy fur 1, tough skin 1
a: Renounce Religion, Heroism


You were on level 6 of the Dungeon.
You worshipped Okawaru.
Okawaru was pleased with you.
You visited 2 branches of the dungeon, and saw 7 of its levels.

You collected 248 gold pieces.

Inventory:

Missiles
 c - 6 boomerangs of dispersal (quivered)
Armour
 a - a +0 robe (worn)
Jewellery
 n - a +6 ring of dexterity (left claw)
Wands
 e - a wand of iceblast (7)
 r - a wand of acid (12)
 s - a wand of polymorph (10)
 u - a wand of paralysis (5)
Scrolls
 b - 2 scrolls of blinking
 h - 5 scrolls of identify {unknown}
 i - a scroll of brand weapon {unknown}
 j - 2 scrolls of amnesia {unknown}
 l - a scroll of fog {unknown}
 o - 4 scrolls of teleportation {unknown}
 v - a scroll of noise {unknown}
 y - a scroll of silence {unknown}
 z - a scroll of magic mapping {unknown}
 A - a scroll of vulnerability {unknown}
Potions
 d - 3 potions of curing {unknown}
 f - a potion of mutation {unknown}
 g - a potion of might {unknown}
 k - a potion of haste {unknown}
 m - a potion of invisibility {unknown}
 p - a potion of flight {unknown}
 q - a potion of degeneration {unknown}
 t - a potion of cancellation {unknown}
 w - a potion of ambrosia {unknown}
 x - 2 potions of lignification {unknown}


   Skills:
 + Level 3.2 Fighting
 + Level 3.3 Throwing
 + Level 4.0 Dodging
 + Level 7.2 Unarmed Combat
 + Level 2.0 Spellcasting
 + Level 2.8 Translocations
 + Level 0.2 Evocations


You had 9 spell levels left.
You knew the following spells:

 Your Spells              Type           Power      Damage    Failure   Level
a - Blink                 Tloc           12%        N/A       16%         2

Your spell library contained the following spells:

 Spells                   Type           Power      Damage    Failure   Level
 Gell's Gravitas          Tloc           6%         N/A       30%         3
 Lesser Beckoning         Tloc           6%         N/A       30%         3
 Teleport Other           Tloc           6%         N/A       30%         3
 Manifold Assault         Tloc           6%         N/A       96%         5


Dungeon Overview and Level Annotations

Branches:
Dungeon (6/15)             Temple (1/1) D:4

Altars:
Ashenzari
Cheibriados
Dithmenos
Elyvilon
Fedhas
Gozag
Hepliaklqana
Kikubaaqudgha
Makhleb
Nemelex Xobeh
Okawaru
Qazlal
Ru
Sif Muna
Trog
Uskayaw
Vehumet
Wu Jian
Xom
Yredelemnul
The Shining One

Annotations:
D:6 2 transporters


Innate Abilities, Weirdness & Mutations

You are too large for most types of armour.
You have claws for hands.
Your natural rate of healing is unusually fast.
You are covered in fur. (AC +1)
You have tough skin. (AC +1)


Message History

The gnoll hits you with a +0 flail!
You claw the gnoll!
You kill the gnoll!
Okawaru accepts your kill. The gnoll hits you with a +0 flail!
* * * LOW HITPOINT WARNING * * *
The gnoll shaman hits you with a +0 club.
* * * LOW HITPOINT WARNING * * *
You mangle the gnoll!!
You kill the gnoll!
Okawaru accepts your kill.
The gnoll shaman hits you with a +0 club!
* * * LOW HITPOINT WARNING * * *
Items here: ))) [ ††.
You barely miss the gnoll shaman. The gnoll shaman closely misses you.
You scratch the gnoll shaman but do no damage.
The gnoll shaman hits you but does no damage.
You closely miss the gnoll shaman.
The gnoll shaman hits you with a +0 club.
* * * LOW HITPOINT WARNING * * *
You closely miss the gnoll shaman.
You claw the gnoll shaman, but do no damage.
You scratch the gnoll shaman but do no damage.
The gnoll shaman misses you.
You claw the gnoll shaman!
The gnoll shaman is heavily wounded.
The gnoll shaman hits you with a +0 club.
* * * LOW HITPOINT WARNING * * *
You completely miss the gnoll shaman.
The gnoll shaman is heavily wounded.
The gnoll shaman closely misses you.
Unknown command.
You scratch the gnoll shaman but do no damage.
The gnoll shaman is heavily wounded.
The gnoll shaman hits you with a +0 club!
* * * LOW HITPOINT WARNING * * *
You closely miss the gnoll shaman.
The gnoll shaman is heavily wounded.
The gnoll shaman hits you with a +0 club!
You die...

#. #####...##...............
...#.....###..........##.##.
#.....#.###.................
#...........######....######
##..#......# ##...# #
##..<.......# #####
#...<......)# .....##..##g#
#.........#@## .
...##......# ... #.>..#...#
.. #.##.##..+ . ... ..# #.#
...##.# ##


You could see a gnoll shaman.

Vanquished Creatures
  Eustachio (D:6)
  Edmund (D:6)
  An acid dragon (D:5)
  A black bear (D:2)
  An ice beast (D:5)
  A centaur (D:5)
  A phantom (D:4)
  4 scorpions
  An orc priest (D:4)
  A hound (D:6)
  2 jellies (D:5)
  An iguana (D:6)
  7 gnolls
  11 adders
  An ufetubus (D:4)
  2 worms
  A dart slug (D:1)
  10 orcs
  6 endoplasms
  2 giant cockroaches
  10 goblins
  12 hobgoblins
  6 jackals
  3 quokkas
  3 ball pythons
  3 bats
  12 frilled lizards
  8 kobolds
  10 rats
123 creatures vanquished.

Vanquished Creatures (others)
  9 plants
9 creatures vanquished.

Grand Total: 132 creatures vanquished

Notes
Turn   | Place    | Note
-------+----------+-------------------------------------------
     0 | D:1      | dohliylev the Troll Warper began the quest for the Orb.
     0 | D:1      | Reached XP level 1. HP: 19/19 MP: 1/1
    76 | D:1      | Reached XP level 2. HP: 26/28 MP: 3/3
   468 | D:1      | Reached XP level 3. HP: 35/35 MP: 4/4
   678 | D:2      | Noticed a black bear
   696 | D:2      | Reached skill level 1 in Throwing
   705 | D:2      | Killed a black bear
   706 | D:2      | Reached skill level 3 in Unarmed Combat
   706 | D:2      | Reached XP level 4. HP: 19/42 MP: 5/5
   779 | D:2      | Reached XP level 5. HP: 48/49 MP: 6/6
   865 | D:2      | Learned a level 2 spell: Blink
  1663 | D:3      | Reached XP level 6. HP: 58/58 MP: 4/7
  1922 | D:4      | Reached skill level 4 in Unarmed Combat
  2272 | D:4      | Found a faded altar of an unknown god.
  2273 | D:4      | Found a staircase to the Ecumenical Temple.
  2286 | Temple   | Entered the Ecumenical Temple
  2327 | Temple   | Became a worshipper of Warmaster Okawaru
  2824 | D:5      | Entered Level 5 of the Dungeon
  2831 | D:5      | Reached XP level 7. HP: 65/66 MP: 8/8
  2918 | D:5      | Reached skill level 5 in Unarmed Combat
  2997 | D:5      | Reached * piety under Okawaru
  3114 | D:5      | Reached skill level 6 in Unarmed Combat
  3427 | D:5      | Reached XP level 8. HP: 58/74 MP: 10/10
  3794 | D:6      | Found a transporter.
  3794 | D:6      | Identified the +5 spear of the Lonely Artists {venom, rElec
                  | rC- Dex+7}
  3794 | D:6      | Identified the +5 scale mail of Happy Babbling {Will++
                  | Str-4}
  3844 | D:6      | Found a transporter.
  3861 | D:6      | Noticed Eustachio
  3892 | D:6      | Killed Eustachio
  3947 | D:6      | Noticed Edmund
  3974 | D:6      | Killed Edmund
  3974 | D:6      | Reached ** piety under Okawaru
  3975 | D:6      | Reached skill level 7 in Unarmed Combat
  4056 | D:6      | Slain by a gnoll shaman

Illustrated notes

Levels and vault maps discovered:
D:1:      mrwooster_arrival_statue_2, layout_rooms
D:2:      layout_loops_ring, minmay_lizard_king
D:3:      layout_basic, amcnicky_altar_gilded, minmay_box_of_dots
D:4:      layout_rooms, nicolae_temple_entry_ecumenical
D:5:      layout_cave_pods, hangedman_decor_peaks_small, minmay_fountain_box
D:6:      minmay_octagon_keep, layout_rooms, gammafunk_ghost_gnarly_gnolls,
          uniq_eustachio, uniq_edmund
Temple:   regret_index_temple_sigil_plot

Skill      XL: |  1  2  3  4  5  6  7  8 |
---------------+-------------------------+-----
Dodging        | 2 3 4 |  4.0
Throwing       | 1 2 3 |  3.3
Fighting       | 2 3 |  3.2
Unarmed Combat | 3 4 6 7 |  7.2
Spellcasting   | 2 |  2.0
Translocations | |  2.8
Evocations     | |  0.2

Action                   |  1- 3 |  4- 6 |  7- 9 || total
-------------------------+-------+-------+-------++-------
Melee: Unarmed           |    95 |   106 |    99 ||   300
       Punch             |       |     1 |     4 ||     5
Throw: Large rock        |    13 |    29 |     3 ||    45
       Boomerang         |       |       |     1 ||     1
 Cast: Blink             |       |     2 |       ||     2
Evoke: Wand              |       |       |     2 ||     2
 Stab: Sleeping          |       |     2 |       ||     2
Armor: Robe              |    44 |    23 |    33 ||   100
Dodge: Dodged            |    55 |    68 |    83 ||   206

Table legend: (Time is in decaauts)
 A = Elapsed time spent in this place.
 B = Non-inter-level travel time spent in this place.
 C = Inter-level travel time spent in this place.
 D = Time resting spent in this place.
 E = Time spent auto-exploring this place.
 F = Levels seen in this place.
 G = Mean time per level.
                   A        B        C        D        E       F      G
               +--------+--------+--------+--------+--------+-----+--------+
         Total |   4074 |   3894 |    180 |    385 |   2254 |   7 |  582.0 |
       Dungeon |   3740 |   3585 |    155 |    385 |   1969 |   6 |  623.3 |
        Temple |    334 |    309 |     25 |      0 |    285 |   1 |  334.0 |
               +--------+--------+--------+--------+--------+-----+--------+

Top non-repeatable levels by time:
     D:2: 938 daAuts
     D:5: 806 daAuts
     D:4: 607 daAuts
     D:1: 577 daAuts
     D:6: 415 daAuts
     D:3: 394 daAuts
  Temple: 334 daAuts
